 Dungeon Crawl Stone Soup version 0.31-a0-728-g01b46875f1 (webtiles) character file.

Game seed: 1955371443914612229

187 senseless the Changeling (level 5, -4/34 HPs)
             Began as an Octopode Shapeshifter on Sept 11, 2023.
             Slain by a kobold brigand
             ... wielding a +1 short sword of electrocution
              (13 damage)
             ... in a sewer on Sept 13, 2023.
             The game lasted 00:06:00 (1668 turns).

senseless the Changeling (Octopode Shapeshifter)    Turns: 1668, Time: 00:06:01

Health: -4/34      AC:  1    Str: 16    XL:     5   Next: 66%
Magic:  5/5        EV: 14    Int: 12    God:
Gold:   75         SH:  0    Dex: 17    Spells: 4/4 levels left

rFire   . . .        i - +1 trident (vamp)
rCold   . . .        (no shield)
rNeg    . . .        (helmet currently unavailable)
rPois   .            (no amulet)
rElec   .            e - +4 ring of slaying
rCorr   .            m - +6 ring of dexterity
SInv    .            (no ring)
Will    .....        (no ring)
Stlth   ++++         (no ring)
HPRegen 0.25/turn    (no ring)
MPRegen 0.09/turn    (no ring)
                     (no ring)

%: no passive effects
@: beast-form
A: beast (slay +2), almost no armour, amphibious, 8 rings, camouflage 1,
gelatinous body 1, (nimble swimmer 1), tentacles
a: Begin Untransformation


You were in a sewer.
You were a hulking beast.
You visited 1 branch of the dungeon, and saw 3 of its levels.
You also visited: Sewer.

You collected 75 gold pieces.

Inventory:

Hand Weapons
 i - a +1 vampiric trident (weapon)
Jewellery
 e - a +4 ring of slaying (left tentacle)
 m - a +6 ring of dexterity (right tentacle)
Talismans
 b - a beast talisman (active)
 c - a flux talisman
Scrolls
 f - a scroll of identify
 h - a scroll of revelation
 k - 2 scrolls of fog {unknown}
 n - a scroll of immolation {unknown}
Potions
 a - a potion of lignification
 d - a potion of cancellation {unknown}
 g - a potion of resistance
 j - a potion of invisibility
 o - a potion of magic {unknown}


   Skills:
 + Level 2.1 Fighting
 + Level 2.8 Dodging
 * Level 3.4 Stealth
 + Level 3.6 Unarmed Combat
 * Level 4.0 Shapeshifting


You had 4 spell levels left.
You didn't know any spells.
Your spell library contained the following spells:

 Spells                   Type           Power      Damage    Failure   Level
 Slow                     Hex            0%         N/A       32%         1
 Confusing Touch          Hex            0%         N/A       69%         3
 Sigil of Binding         Hex            0%         N/A       69%         3
 Vampiric Draining        Necr           0%         2d6       69%         3
 Summon Lightning Spire   Summ/Air       0%         N/A       97%         4
 Lee's Rapid Deconstruct  Erth           0%         3d4*      100%        5
 Animate Armour           Summ/Erth      Unusable   N/A       N/A         4

Dungeon Overview and Level Annotations

Branches:
Dungeon (3/15)              Sewer (1/1)

Altars:


Innate Abilities, Weirdness & Mutations

You are a hulking beast.
Your limbs bulge with bestial killing power. (Slay +2)
You cannot wear most types of armour.
You are amphibious.
You can wear up to eight rings at the same time.
Your skin changes colour to match your surroundings (Stealth+).
Your rubbery body absorbs attacks. (AC +1, EV +1)
((You are camouflaged when in or above water. (Stealth+)))
You have tentacles for arms and can constrict up to eight enemies at once.


Message History

No target in view!
No target in view!
No target in view!
No target in view!
No target in view!
No target in view!
No target in view!
No target in view!
You see here a rat corpse.
You open the door. 3 kobolds and a kobold brigand come into view.
The kobold brigand is wielding a +1 short sword of electrocution and quivering poisoned darts.
Found a scroll of identify.
There is an open door here.
You reach to attack!
The helpless kobold brigand fails to defend itself.
You hit the kobold brigand.
The kobold brigand is lightly wounded.
You closely miss the kobold brigand. You grab the kobold brigand.
The kobold brigand is lightly wounded.
You constrict the kobold brigand.
The kobold shouts!
The kobold brigand hits you with a +1 short sword of electrocution!
The kobold shouts!
You barely miss the kobold brigand.
The kobold brigand is lightly wounded.
You constrict the kobold brigand.
The kobold shouts!
The kobold barely misses you.
The kobold brigand hits you with a +1 short sword of electrocution!
The kobold brigand barely misses you.
You puncture the kobold brigand!
You feel better.
The kobold brigand is severely wounded.
You constrict the kobold brigand.
The kobold hits you with a +0 short sword.
The kobold hits you with a +0 whip.
The kobold brigand hits you with a +1 short sword of electrocution!
* * * LOW HITPOINT WARNING * * *
You are electrocuted!
You die...

~≈~~......
≈≈≈≈≈≈≈~≈≈≈≈~..~
≈#≈≈≈≈≈≈≈≈≈≈≈≈~≈~
≈≈≈≈≈≈≈≈≈≈≈≈≈≈≈≈ ≈
#≈≈≈≈≈≈≈≈≈≈≈~~≈~ ≈≈##
####≈≈≈≈≈≈≈~≈≈≈.~..
≈≈#?.#..#~~~≈≈≈≈~~.~~...
≈≈#...KK#~~~~~.~~.......
#..Kh'...............
≈≈#...K.#...............
≈≈#..#..#............†..
≈≈## ######..###...†..##
≈ #### ##...#### ##### #
#


You could see a kobold brigand and 3 kobolds.

Vanquished Creatures
  Jessica (D:2)
  8 river rats
  2 adders
  2 worms (D:2)
  10 ball pythons
  3 endoplasms
  3 giant cockroaches
  3 goblins
  2 hobgoblins
  A quokka (D:2)
  4 bats
  5 frilled lizards
  10 kobolds
  21 rats
75 creatures vanquished.

Notes
Turn   | Place    | Note
-------+----------+-------------------------------------------
     0 | D:1      | senseless the Octopode Shapeshifter began the quest for the
                  | Orb.
     0 | D:1      | Reached XP level 1. HP: 13/13 MP: 1/1
   559 | D:1      | Reached XP level 2. HP: 18/18 MP: 2/2
   953 | D:2      | Noticed Jessica
   961 | D:2      | Killed Jessica
   962 | D:2      | Reached skill level 1 in Stealth
   962 | D:2      | Reached XP level 3. HP: 21/23 MP: 3/3
  1017 | D:2      | Found a faded altar of an unknown god.
  1149 | D:2      | Reached XP level 4. HP: 29/29 MP: 4/4
  1335 | D:3      | Found a glowing drain.
  1339 | Sewer    | Entered a sewer
  1473 | Sewer    | Reached XP level 5. HP: 34/34 MP: 5/5
  1521 | Sewer    | HP: 1/34 [rat (3)]
  1631 | Sewer    | Reached skill level 4 in Shapeshifting
  1662 | Sewer    | Noticed a kobold brigand
  1668 | Sewer    | Slain by a kobold brigand

Illustrated notes

Levels and vault maps discovered:
D:1:      nzn_arrival_crosshair, layout_basic
D:2:      layout_rooms, ebering_ecumenical_altar_sacrificial, uniq_jessica
D:3:      layout_loops_cross, gup_sewer_entry_bowl
Sewer:    sewer_minmay_treatment

Skill      XL: |  1  2  3  4  5 |
---------------+----------------+-----
Stealth        | 1 2 3 |  3.4
Fighting       | 2 |  2.1
Shapeshifting  | 4 |  4.0
Dodging        | |  2.8
Unarmed Combat | |  3.6

Action                     |  1- 3 |  4- 6 || total
---------------------------+-------+-------++-------
  Melee: Unarmed           |    15 |       ||    15
         Constrict         |     9 |    19 ||    28
         Tentacles         |     5 |     9 ||    14
         Trident           |    22 |    88 ||   110
         Punch             |       |     5 ||     5
    Use: Scroll            |       |     5 ||     5
         Potion            |       |     2 ||     2
   Stab: Sleeping          |     4 |    13 ||    17
 Armour: Skin              |     9 |    45 ||    54
  Dodge: Dodged            |     8 |    63 ||    71

Table legend: (Time is in decaauts)
 A = Elapsed time spent in this place.
 B = Non-inter-level travel time spent in this place.
 C = Inter-level travel time spent in this place.
 D = Time resting spent in this place.
 E = Time spent auto-exploring this place.
 F = Levels seen in this place.
 G = Mean time per level.
                   A        B        C        D        E       F      G
               +--------+--------+--------+--------+--------+-----+--------+
         Total |   1697 |   1665 |     32 |     31 |   1204 |   4 |  424.2 |
       Dungeon |   1346 |   1314 |     32 |     31 |   1035 |   3 |  448.7 |
         Sewer |    350 |    350 |      0 |      0 |    169 |   1 |  350.0 |
               +--------+--------+--------+--------+--------+-----+--------+

Top non-repeatable levels by time:
     D:1: 820 daAuts
     D:2: 430 daAuts
   Sewer: 350 daAuts
     D:3: 95 daAuts
